General information
- name: BNet
- type: Ladder team game (AT/RT)
- host: Battle.net
- saver: Hilbertspace
map: Battleground
- players: 8
- length: 32:03
- speed: Fast
- version: 1.26 W3XP
- replay type: Public
» download(171 KB)
Players
team 1 (loser)
7Bot01_7 (
red | 42 APM | 964 actions | 22:56)
7 Mountain King
3 Storm Bolt
3 Thunder Clap
1 Avatar
» actions
| Basic commands | 105 | |
| Build / train | 94 | |
| Enter build submenu | 20 | |
| Enter hero's abilities submenu | 7 | |
| Give item / drop item | 1 | |
| Right click | 302 | |
| Select / deselect | 353 | |
| Use ability | 82 | |
964 total
» units
| Peasant | 11 | |
| Mortar Team | 44 | |
| Siege Engine | 9 | |
64 total
» upgrades
| Gunpowder | 3 | |
| Armor | 3 | |
| Flare | 1 | |
| Fragmentation Shards | 1 | |
| Masonry | 1 | |
| Barrage | 1 | |
| Plating | 1 | |
11 total
» buildings
| Altar of Kings | 1 | |
| Farm | 10 | |
| Lumber Mill | 2 | |
| Scout Tower | 1 | |
| Arcane Tower | 1 | |
| Keep | 1 | |
| Blacksmith | 1 | |
| Castle | 1 | |
| Workshop | 3 | |
| Arcane Vault | 1 | |
| Town Hall | 1 | |
23 total
» build order
00:26 Altar of Kings
00:42 Farm
00:57 Lumber Mill
01:12 Lumber Mill
01:22 Farm
01:31 Scout Tower
01:58 Farm
02:05 Arcane Tower
02:35 Farm
02:52 Keep
03:15 Farm
03:18 Blacksmith
03:52 Farm
04:29 Farm
04:33 Farm
05:19 Castle
05:21 Workshop
05:24 Workshop
05:28 Workshop
10:39 Arcane Vault
11:14 Farm
12:02 Farm
19:23 Town Hall
» items
| Boots of Speed | 4 | |
| Lesser Clarity Potion | 2 | |
| Potion of Mana | 1 | |
7 total
iTRAPi (
pink | 40 APM | 911 actions | 22:37)
7 Demon Hunter
3 Immolation
3 Evasion
1 Metamorphosis
» actions
| Basic commands | 25 | |
| Build / train | 58 | |
| Enter build submenu | 21 | |
| Enter hero's abilities submenu | 7 | |
| Give item / drop item | 1 | |
| Remove unit from queue | 5 | |
| Right click | 409 | |
| Select / deselect | 300 | |
| Use ability | 85 | |
911 total
» units
| Wisp | 13 | |
| Dryad | 13 | |
| Forest Troll Shadow Priest | 1 | |
| Druid of the Claw | 3 | |
| Hippogryph | 2 | |
32 total
» upgrades
| Strength of the Wild | 2 | |
| Reinforced Hides | 1 | |
| Abolish Magic | 1 | |
| Druid of the Claw Training | 2 | |
| Mark of the Claw | 1 | |
7 total
» buildings
| Moon Well | 6 | |
| Altar of Elders | 1 | |
| Tree of Ages | 1 | |
| Hunter's Hall | 1 | |
| Ancient of Wonders | 1 | |
| Ancient of Lore | 2 | |
| Tree of Eternity | 1 | |
| Tree of Life | 2 | |
| Ancient Protector | 6 | |
| Ancient of Wind | 1 | |
22 total
» build order
00:14 Moon Well
00:19 Altar of Elders
01:49 Moon Well
02:11 Tree of Ages
02:38 Hunter's Hall
02:55 Ancient of Wonders
03:50 Moon Well
04:08 Moon Well
04:37 Ancient of Lore
04:41 Ancient of Lore
06:31 Moon Well
07:02 Tree of Eternity
09:33 Tree of Life
11:23 Moon Well
11:55 Ancient Protector
11:57 Ancient Protector
12:02 Ancient Protector
16:27 Tree of Life
18:06 Ancient Protector
18:09 Ancient Protector
18:11 Ancient Protector
19:20 Ancient of Wind
» items
| Periapt of Vitality | 1 | |
| Scroll of Town Portal | 2 | |
3 total

»
mrmoose888 (
orange | 22 APM | 691 actions | 32:02)
2 Priestess of the Moon
1 Searing Arrows
1 Trueshot Aura
» actions
| Basic commands | 2 | |
| Build / train | 65 | |
| Enter build submenu | 18 | |
| Enter hero's abilities submenu | 2 | |
| Remove unit from queue | 2 | |
| Right click | 256 | |
| Select / deselect | 297 | |
| Use ability | 49 | |
691 total
» units
| Wisp | 19 | |
| Archer | 11 | |
| Huntress | 1 | |
| Forest Troll Shadow Priest | 1 | |
| Dryad | 8 | |
| Flying Machine | 5 | |
| Mortar Team | 2 | |
| Druid of the Claw | 1 | |
| Mountain Giant | 1 | |
49 total
» upgrades
| Strength of the Moon | 1 | |
| Ultravision | 1 | |
| Strength of the Wild | 1 | |
| Improved Bows | 1 | |
| Reinforced Hides | 2 | |
| Abolish Magic | 1 | |
| Lumber Harvesting | 1 | |
| Masonry | 0 | |
| Flying Machine Bombs | 1 | |
| Swords | 1 | |
10 total
» buildings
| Altar of Elders | 2 | |
| Moon Well | 5 | |
| Ancient of War | 1 | |
| Hunter's Hall | 1 | |
| Tree of Ages | 1 | |
| Ancient Protector | 1 | |
| Ancient of Lore | 2 | |
| Ancient of Wonders | 1 | |
| Tree of Life | 3 | |
| Town Hall | 1 | |
18 total
» build order
00:08 Altar of Elders
00:24 Moon Well
00:37 Ancient of War
01:35 Moon Well
02:34 Moon Well
03:32 Moon Well
04:45 Moon Well
04:51 Hunter's Hall
05:21 Tree of Ages
06:07 Ancient Protector
08:27 Ancient of Lore
08:51 Ancient of Lore
09:48 Ancient of Wonders
13:23 Tree of Life
13:43 Altar of Elders
20:02 Tree of Life
23:15 Tree of Life
28:38 Town Hall

»
ingrave (
green | 33 APM | 751 actions | 22:52)
4 Shadow Hunter
2 Healing Wave
2 Hex
1 Demon Hunter
1 Mana Burn
» actions
| Basic commands | 10 | |
| Build / train | 61 | |
| Enter build submenu | 19 | |
| Enter hero's abilities submenu | 5 | |
| Right click | 370 | |
| Select / deselect | 244 | |
| Use ability | 42 | |
751 total
» units
| Peon | 22 | |
| Troll Headhunter/Berserker | 18 | |
| Shaman | 8 | |
48 total
» upgrades
| Troll Regeneration | 1 | |
| Shaman Training | 2 | |
| Berserker Upgrade | 1 | |
| Ranged Weapons | 1 | |
5 total
» buildings
| Altar of Storms | 1 | |
| War Mill | 2 | |
| Barracks | 2 | |
| Orc Burrow | 11 | |
| Stronghold | 1 | |
| Spirit Lodge | 1 | |
| Fortress | 1 | |
| Voodoo Lounge | 1 | |
20 total
» build order
00:14 Altar of Storms
00:28 War Mill
00:47 Barracks
01:13 Orc Burrow
02:25 Orc Burrow
03:04 Stronghold
05:37 Barracks
05:48 Spirit Lodge
05:55 War Mill
06:04 Orc Burrow
06:08 Fortress
09:41 Orc Burrow
09:45 Orc Burrow
10:05 Orc Burrow
10:56 Orc Burrow
14:33 Orc Burrow
15:01 Orc Burrow
15:04 Orc Burrow
16:43 Voodoo Lounge
17:31 Orc Burrow
team 2 (winner)

»
CHRONICtOKE (
blue | 52 APM | 1679 actions | 32:02)
7 Death Knight
3 Death Coil
3 Unholy Aura
1 Animate Dead
5 Lich
3 Frost Nova
2 Frost Armor
» actions
| Assign group hotkey | 20 | |
| Basic commands | 1 | |
| Build / train | 81 | |
| Enter build submenu | 19 | |
| Enter hero's abilities submenu | 12 | |
| Give item / drop item | 3 | |
| Remove unit from queue | 4 | |
| Right click | 823 | |
| Select / deselect | 239 | |
| Select group hotkey | 382 | |
| Use ability | 95 | |
1679 total
» units
| Acolyte | 6 | |
| Ghoul | 3 | |
| Crypt Fiend | 14 | |
| Obsidian Statue | 7 | |
| Meatwagon | -2 | |
| Ogre Mauler | 1 | |
29 total
» upgrades
| Creature Attack | 2 | |
| Web | 1 | |
| Burrow | 1 | |
| Creature Carapace | 2 | |
| Destroyer Form | 1 | |
7 total
» buildings
| Graveyard | 1 | |
| Crypt | 1 | |
| Ziggurat | 7 | |
| Altar of Darkness | 1 | |
| Nerubian Tower | 1 | |
| Tomb of Relics | 1 | |
| Halls of the Dead | 4 | |
| Slaughterhouse | 1 | |
| Black Citadel | 2 | |
| Spirit Tower | 7 | |
| Necropolis | 3 | |
29 total
» build order
00:10 Graveyard
00:21 Crypt
00:41 Ziggurat
00:58 Altar of Darkness
01:57 Nerubian Tower
02:04 Ziggurat
03:52 Ziggurat
04:03 Tomb of Relics
04:20 Halls of the Dead
06:18 Ziggurat
08:23 Slaughterhouse
09:40 Black Citadel
10:09 Ziggurat
10:56 Spirit Tower
10:56 Spirit Tower
11:10 Spirit Tower
11:37 Spirit Tower
11:37 Spirit Tower
12:35 Necropolis
18:30 Halls of the Dead
18:31 Halls of the Dead
21:03 Necropolis
21:15 Ziggurat
23:14 Spirit Tower
26:01 Black Citadel
26:08 Ziggurat
29:39 Necropolis
» items
| Rod of Necromancy | 1 | |
| Boots of Speed | 1 | |
| Potion of Mana | 2 | |
| Lesser Clarity Potion | 1 | |
| Orb of Fire | 1 | |
6 total
DeathTakesLast (
teal | 25 APM | 422 actions | 16:48)
3 Archmage
2 Summon Water Elemental
1 Brilliance Aura
» actions
| Basic commands | 17 | |
| Build / train | 45 | |
| Enter build submenu | 16 | |
| Enter hero's abilities submenu | 3 | |
| Remove unit from queue | 5 | |
| Right click | 90 | |
| Select / deselect | 219 | |
| Use ability | 27 | |
422 total
» units
| Peasant | 12 | |
| Siege Engine | 7 | |
| Flying Machine | 6 | |
| Mortar Team | 1 | |
| Forest Troll Berserker | 1 | |
| Mud Golem | 1 | |
28 total
» upgrades
| Gunpowder | 3 | |
| Plating | 1 | |
| Flak Cannons | 1 | |
| Flying Machine Bombs | 1 | |
6 total
» buildings
| Altar of Kings | 1 | |
| Farm | 11 | |
| Keep | 1 | |
| Lumber Mill | 1 | |
| Blacksmith | 1 | |
| Arcane Vault | 1 | |
| Workshop | 4 | |
| Castle | 1 | |
21 total
» build order
00:16 Altar of Kings
00:23 Farm
01:02 Farm
01:43 Farm
03:04 Keep
03:10 Lumber Mill
03:18 Blacksmith
03:44 Arcane Vault
05:39 Workshop
05:41 Workshop
05:43 Castle
05:50 Workshop
05:56 Workshop
06:16 Farm
06:23 Farm
06:24 Farm
06:25 Farm
06:30 Farm
06:41 Farm
06:44 Farm
10:21 Farm

»
Hilbertspace (
purple | 82 APM | 2640 actions | 32:03)
10 Death Knight
3 Death Coil
3 Unholy Aura
1 Animate Dead
3 Death Pact
6 Lich
3 Frost Nova
2 Dark Ritual
1 Death and Decay
» actions
| Assign group hotkey | 160 | |
| Basic commands | 58 | |
| Build / train | 70 | |
| ESC pressed | 4 | |
| Enter build submenu | 25 | |
| Enter hero's abilities submenu | 16 | |
| Give item / drop item | 1 | |
| Right click | 1156 | |
| Select / deselect | 228 | |
| Select group hotkey | 806 | |
| Use ability | 116 | |
2640 total
» units
» upgrades
| Creature Carapace | 2 | |
| Creature Attack | 2 | |
4 total
» buildings
| Crypt | 2 | |
| Ziggurat | 10 | |
| Altar of Darkness | 16 | |
| Halls of the Dead | 3 | |
| Graveyard | 1 | |
| Nerubian Tower | 3 | |
| Sacrificial Pit | 1 | |
| Black Citadel | 3 | |
| Spirit Tower | 2 | |
| Boneyard | 1 | |
| Tomb of Relics | 1 | |
| Necropolis | 2 | |
45 total
» build order
00:09 Crypt
00:11 Ziggurat
00:39 Altar of Darkness
02:17 Halls of the Dead
02:20 Graveyard
03:53 Crypt
03:57 Ziggurat
04:01 Ziggurat
04:05 Ziggurat
06:17 Nerubian Tower
06:57 Sacrificial Pit
07:27 Black Citadel
08:42 Spirit Tower
08:44 Ziggurat
09:19 Ziggurat
11:31 Boneyard
12:44 Tomb of Relics
13:01 Spirit Tower
13:04 Nerubian Tower
13:04 Nerubian Tower
19:44 Necropolis
21:37 Ziggurat
21:38 Ziggurat
21:38 Ziggurat
21:40 Ziggurat
26:44 Halls of the Dead
26:47 Necropolis
29:47 Altar of Darkness
29:47 Altar of Darkness
29:47 Altar of Darkness
29:48 Altar of Darkness
29:48 Altar of Darkness
29:49 Altar of Darkness
29:49 Altar of Darkness
29:50 Altar of Darkness
29:50 Altar of Darkness
29:51 Altar of Darkness
29:52 Altar of Darkness
29:56 Altar of Darkness
29:56 Altar of Darkness
29:59 Altar of Darkness
29:59 Altar of Darkness
31:00 Black Citadel
» items
| Scroll of Town Portal | 3 | |
| Boots of Speed | 2 | |
| Orb of Corruption | 1 | |
| Scroll of Regeneration | 1 | |
| Lesser Clarity Potion | 1 | |
| Staff of Teleportation | 1 | |
9 total
Master_Coxa (
yellow | 21 APM | 665 actions | 32:02)
6 Shadow Hunter
2 Healing Wave
3 Serpent Ward
1 Big Bad Voodoo
» actions
| Build / train | 44 | |
| Enter build submenu | 12 | |
| Enter hero's abilities submenu | 6 | |
| Give item / drop item | 5 | |
| Remove unit from queue | 3 | |
| Right click | 283 | |
| Select / deselect | 258 | |
| Use ability | 54 | |
665 total
» units
| Peon | 5 | |
| Grunt | 7 | |
| Siege Engine | 6 | |
| Peasant | 6 | |
24 total
» upgrades
| Melee Weapons | 1 | |
| Spiked Barricades | 1 | |
| Armor | 1 | |
| Ranged Weapons | 1 | |
| Barrage | 1 | |
5 total
» buildings
| Orc Burrow | 7 | |
| Altar of Storms | 1 | |
| Barracks | 1 | |
| Voodoo Lounge | 1 | |
| War Mill | 1 | |
| Stronghold | 1 | |
| Fortress | 1 | |
| Beastiary | 2 | |
| Great Hall | 1 | |
16 total
» build order
00:29 Orc Burrow
00:44 Altar of Storms
01:14 Barracks
01:28 Voodoo Lounge
01:55 Orc Burrow
02:28 War Mill
04:10 Stronghold
05:41 Orc Burrow
05:42 Orc Burrow
07:42 Fortress
07:50 Beastiary
07:51 Beastiary
10:12 Orc Burrow
10:12 Orc Burrow
12:25 Orc Burrow
13:31 Great Hall
» items
| Healing Salve | 1 | |
| Scroll of Speed | 1 | |
| Periapt of Vitality | 1 | |
3 total
Chat log
(00:09 / Allies) DeathTakesLast: rush
(00:16 / Allies) Master_Coxa: k
(00:18 / Allies) Hilbertspace: thats the first thign they will expect
(00:22 / Allies) CHRONICtOKE: 100g plz
(00:26 / Allies) Hilbertspace: i say we let them have a curve ball
(00:27 / Allies) CHRONICtOKE: for pwnage
(00:27 / Allies) Hilbertspace: and tech to air
(00:46 / Allies) DeathTakesLast: and what if they rush
(00:52 / Allies) Hilbertspace: they knwo were expecting that
(00:53 / Allies) CHRONICtOKE: dont tech here
(00:53 / Allies) Hilbertspace: so they wont
(00:54 / Allies) CHRONICtOKE: ffs
(01:04 / Allies) CHRONICtOKE: this is a fuckin rush map
(01:09 / Allies) Hilbertspace: theyre all rush maps
(01:14 / Allies) CHRONICtOKE: no they arent
(01:16 / Allies) CHRONICtOKE: wow
(01:18 / Allies) CHRONICtOKE: ur a fuckin moron
(01:20 / Allies) CHRONICtOKE: u know that
(01:26 / Allies) DeathTakesLast: says the burnout pot smoker
(01:27 / Allies) Hilbertspace: 95% of 4s games take place on a rush map
(01:32 / Allies) CHRONICtOKE: burnout?
(01:35 / Allies) CHRONICtOKE: u dont even know me nigger
(01:36 / Allies) Hilbertspace: look at u cutting dk fiends like a robot
(01:37 / Allies) Hilbertspace: pls go
(01:40 / Allies) CHRONICtOKE: and how u know i ever smoke pot
(01:43 / Allies) CHRONICtOKE: this names old as fuck
(01:47 / Allies) CHRONICtOKE: dumbass cunt
(01:50 / Allies) CHRONICtOKE: think before u speka nigger
(02:05 / Allies) DeathTakesLast: "how do you ever know a smoke pot"
(02:20 / Allies) DeathTakesLast: im teching
(02:22 / Allies) CHRONICtOKE: yea typos
(02:22 / Allies) DeathTakesLast: just cuz of him
(02:29 / Allies) CHRONICtOKE: sry im not a nerd ass like you and on the computer 24/7
(02:38 / Allies) DeathTakesLast: you're obviously an idiot
(02:38 / Allies) Hilbertspace: why are you cookie cutting dk fiends if youre not a nerd ass
(02:45 / Allies) CHRONICtOKE: no you are obv an idiot
(02:48 / Allies) CHRONICtOKE: ...
(02:51 / Allies) Hilbertspace: also 1100 games
(02:51 / Allies) CHRONICtOKE: IM UD RETARD
(02:53 / Allies) CHRONICtOKE: U WANT GHOULS
(02:55 / Allies) CHRONICtOKE: RETARD?
(03:01 / Allies) CHRONICtOKE: dude
(03:04 / Allies) Hilbertspace: if u mass 50 food ghouls u can do damage in this agme
(03:05 / Allies) CHRONICtOKE: i have almost 7000 games
(03:06 / Allies) Hilbertspace: u dont have to be a robot
(03:08 / Allies) CHRONICtOKE: ur a fuckin idiot
(03:14 / Allies) CHRONICtOKE: wow
(03:19 / Allies) CHRONICtOKE: MAYBE I WANT TO DO THIS
(03:20 / Allies) Master_Coxa: wow
(03:21 / Allies) CHRONICtOKE: IDIOT?
(03:22 / Allies) DeathTakesLast: hes madd purple
(03:24 / Allies) DeathTakesLast: reeeeal madd
(03:29 / Allies) CHRONICtOKE: yea
(03:31 / Allies) Hilbertspace: he reminds me of charbroiled
(03:43 / Allies) CHRONICtOKE: u remind me of a dumbass nigger
(03:44 / Allies) Hilbertspace: thats unfair to charbroiled
(03:48 / Allies) Hilbertspace: at least charboriled got pit lord sometimes
(03:59 / Allies) DeathTakesLast: charbroiled who kicks it in channel sex alot?
(04:09 / Allies) Hilbertspace: lol does he
(04:11 / Allies) CHRONICtOKE: u guys r dumbass faggots
(04:13 / Allies) Hilbertspace: i went to that channel once years ago
(04:15 / Allies) CHRONICtOKE: gl with ur game
(04:16 / Allies) DeathTakesLast: ive seen the name before
(04:17 / Allies) Hilbertspace: it was full of winners
(04:37 / Allies) Hilbertspace: chronic toke i dont know why ur mad this is 4v4 rt at a level 0
(04:41 / Allies) Hilbertspace: the enemy is gonna be braindead
(04:54 / Allies) Hilbertspace: fuck i got dk
(04:56 / Allies) Hilbertspace: too much chat
(05:00 / Allies) DeathTakesLast: im totes tank rushing
(05:21 / Allies) Hilbertspace: if ur gonna solo hero tech u should get blizzrd
(05:23 / Allies) Hilbertspace: not elemental
(05:26 / Allies) CHRONICtOKE: im mad because ur both dumbass's and i hate playing with dumbass's
(07:09 / Allies) DeathTakesLast: on this map when im ud
(07:12 / Allies) DeathTakesLast: i always do what yer doing
(07:19 / Allies) DeathTakesLast: gargs are fucking awesome people undervalue
(07:20 / Allies) DeathTakesLast: them
(07:41 / Allies) Hilbertspace: heal me pls
(08:03 / Allies) Hilbertspace: this strat is supposed to go with panda
(08:06 / Allies) Hilbertspace: u get a levelled itemed panda fast
(08:11 / Allies) Hilbertspace: but i fukt up
(11:54 / Allies) Hilbertspace: rofl
(12:00 / Allies) CHRONICtOKE: why the fuck
(12:05 / Allies) CHRONICtOKE: is no one killin thos e morts
(12:10 / Allies) CHRONICtOKE: goddamn
(12:12 / Allies) CHRONICtOKE: useless fucks
(13:02 / All) 7Bot01_7: gg
(13:05 / Allies) Hilbertspace: gjw ith tanks
(14:02 / Allies) CHRONICtOKE: fuck me
(14:46 / All) DeathTakesLast: gg blue sucked hardcore
(14:50 / All) DeathTakesLast: he's the reason we lost
(14:52 / All) CHRONICtOKE: lmfao
(14:55 / All) CHRONICtOKE: HAHAHAHA
(14:59 / All) CHRONICtOKE: wow
(15:03 / 8) DeathTakesLast: watch the nerdrage
(15:04 / All) 7Bot01_7: gg
(15:08 / All) DeathTakesLast: fuckin blue you fail
(15:10 / All) CHRONICtOKE: says the guy who massed tanks
(15:15 / All) DeathTakesLast: if it werent for you we would have won
(15:15 / All) CHRONICtOKE: ur a fuckin idiot
(15:20 / Allies) CHRONICtOKE: UR TANKS
(15:20 / All) DeathTakesLast: i killed a base what did you do?
(15:22 / All) CHRONICtOKE: DONIT KILL UNITS
(15:24 / Allies) CHRONICtOKE: RETARD
(15:36 / All) CHRONICtOKE: WOW
(15:38 / All) CHRONICtOKE: A BASE
(15:42 / All) CHRONICtOKE: 0 UNITS
(15:44 / All) CHRONICtOKE: SHUT UP
(15:50 / All) DeathTakesLast: how many did you kill?
(15:52 / All) DeathTakesLast: 0
(15:54 / All) DeathTakesLast: exactly
(15:56 / All) DeathTakesLast: so be quiet
(16:05 / All) CHRONICtOKE: done talkin to ur retarded nub ass
(16:08 / All) DeathTakesLast: crymore
(16:15 / All) DeathTakesLast: burnout pot smoker
(16:23 / All) DeathTakesLast: move out of mommies basement
(16:30 / All) DeathTakesLast: you're fucking 30 years old
(16:51 / All) 7Bot01_7: gg
(17:09 / Allies) Hilbertspace: gold pls
(17:11 / Allies) Hilbertspace: to rebuild mine
(21:36 / Allies) CHRONICtOKE: get with me asswipe
(21:38 / Allies) CHRONICtOKE: and lets end this
(22:15 / Allies) Hilbertspace: im b
(22:19 / Allies) Hilbertspace: cant attack move tanks
(23:29 / All) CHRONICtOKE: teal was a joke
(23:34 / Allies) Hilbertspace: lol that guy left
(23:41 / Allies) CHRONICtOKE: i know this
(24:15 / All) Hilbertspace: maybe if you reveive your 2 noob heros u can win
(26:33 / All) Hilbertspace: u cant wait to use juggernaut mode
(26:37 / All) Hilbertspace: "last noob standing" mode
(27:03 / All) Hilbertspace: check otu this guys dota base
(27:07 / All) CHRONICtOKE: fuckin piss me off mode
(27:20 / All) Hilbertspace: he learned to base from dota
(27:34 / All) CHRONICtOKE: dota is gay
(27:43 / All) Hilbertspace: fOCUS HIS DH
(27:49 / All) Hilbertspace: ITS ALL HE CARES ABOUT
(27:50 / All) Hilbertspace: KILL IT
(27:58 / All) Hilbertspace: a moment of silence
(28:30 / Allies) CHRONICtOKE: yea teal was right
(28:32 / Allies) CHRONICtOKE: i lost the game for us
(28:41 / All) Hilbertspace: hes reviving it
(28:42 / All) Hilbertspace: lol
(28:46 / All) Hilbertspace: he wants to use avatar again
(28:50 / All) Master_Coxa: lol
(29:30 / All) mrmoose888: YOU FUCKIN NIGGERS
(29:58 / All) mrmoose888: ILL PISS IN YOUR MOUTH AND MAKE YOU SAY THANKYOU
(30:16 / All) CHRONICtOKE: enjoy the loss
(30:21 / All) mrmoose888: KKK4LIFE
(30:26 / All) CHRONICtOKE: lol
(30:38 / All) CHRONICtOKE: kk has like what... 40 members now
(30:41 / All) CHRONICtOKE: hahaha
(30:46 / All) CHRONICtOKE: shut up kid
(30:53 / All) mrmoose888: 40 MILLION JEW
(31:01 / All) CHRONICtOKE: ur a dumbass
(31:08 / All) CHRONICtOKE: so u hate niggers and jews
(31:12 / All) mrmoose888: ILL FALCON PUNCH YOU IN THE CUNT
(31:19 / All) CHRONICtOKE: dude
(31:23 / All) CHRONICtOKE: in real life
(31:27 / All) CHRONICtOKE: i would murder ur fuckin ass
(31:30 / All) CHRONICtOKE: so stfu kid
(31:37 / All) mrmoose888: I WILL MURDER YOU
(31:41 / Allies) Hilbertspace: THERE CAN BE ONLY ONE
(31:42 / All) mrmoose888: 4SHO
(31:44 / Allies) CHRONICtOKE: wow
(31:47 / Allies) CHRONICtOKE: ur a fuckin cunt
(31:52 / Allies) CHRONICtOKE: get a life
(31:54 / All) mrmoose888: NIGGA CANT HANDLE ME
(31:54 / Allies) CHRONICtOKE: goddamn prick